 Dungeon Crawl Stone Soup version 0.29.1-2-gbd0b4ee654 (webtiles) character file.

Game seed: 5311672807534757470

295 LustLizard the Magician (level 6, 0/40 HPs)
             Began as a Djinni Conjurer on Nov 1, 2022.
             Frozen to death by an endoplasm (6 damage)
             ... on level 4 of the Dungeon.
             The game lasted 00:06:52 (3759 turns).

LustLizard the Magician (Djinni Conjurer)           Turns: 3759, Time: 00:06:53

Health: 0/40       AC:  4    Str:  8    XL:     6   Next: 61%
Gold:   177        EV: 11    Int: 20    God:
                   SH:  0    Dex: 11

rFire   + + .      SeeInvis .   m - +0 dagger
rCold   x . .      Faith    .   (no shield)
rNeg    + . .      Spirit   .   e - +0 leather armour
rPois   ∞          Reflect  .   (no helmet)
rElec   .          Harm     .   w - +0 cloak
rCorr   .          Rampage  .   (no gloves)
Will    .....                   (boots unavailable)
Stlth   ++........              (no amulet)
HPRegen 0.13/turn               t - ring of positive energy
MPRegen 0.00/turn               (no ring)

@: flying, very slightly contaminated
A: sickness immunity, fire resistance 2, cold vulnerability 1, float, innate
caster, HP casting, extra vitality 1
a: no special abilities


You were on level 4 of the Dungeon.
You visited 1 branch of the dungeon, and saw 4 of its levels.

You collected 177 gold pieces.

Inventory:

Hand Weapons
 m - a +0 dagger (weapon)
Missiles
 d - 2 poisoned darts
Armour
 a - a +0 robe
 e - a +0 leather armour (worn)
 w - a +0 cloak (worn)
Jewellery
 t - a ring of positive energy (left hand)
Scrolls
 k - 2 scrolls of blinking {unknown}
 n - a scroll of vulnerability {unknown}
 p - a scroll of fog {unknown}
 q - a scroll of teleportation {unknown}
 r - a scroll of enchant weapon {unknown}
 u - a scroll of magic mapping {unknown}
 v - a scroll of immolation {unknown}
 x - a scroll of fear {unknown}
Potions
 b - a potion of brilliance
 c - 2 potions of curing
 f - a potion of berserk rage
 g - a potion of attraction
 h - a potion of might
 i - a potion of haste {unknown}
 j - a potion of flight {unknown}
 l - 2 potions of mutation
 o - a potion of lignification {unknown}
 s - a potion of heal wounds {unknown}


   Skills:
 - Level 2.1 Dodging
 - Level 4.0 Stealth
 * Level 4.8 Spellcasting


You couldn't memorise any spells.
You knew the following spells:

 Your Spells              Type           Power      Damage    Failure   Level
a - Magic Dart            Conj           96%        1d7       2%          1
b - Searing Ray           Conj           48%        2d6       3%          2
c - Dazzling Flash        Conj/Hex       48%        N/A       7%          3
d - Fulminant Prism       Conj/Hex       12%        3d9       22%         4
e - Iskenderun's Mystic   Conj/Tloc      24%        2d7       22%         4
f - Freeze                Ice            96%        1d11      2%          1
g - Blink                 Tloc           48%        N/A       3%          2
Your spell library was empty.

Dungeon Overview and Level Annotations

Branches:
Dungeon (4/15)
 Temple: D:4-7

Altars:

Shops:
D:2 (


Innate Abilities, Weirdness & Mutations

You are immune to sickness and miasma.
You are immune to poison.
Your flesh is very heat resistant. (rF++)
You are vulnerable to cold. (rC-)
You float through the air rather than walking.
You learn spells naturally, not from books.
Your magical power is your life essence.
You have superior vitality. (+4 MHP)


Message History

You kill Blork the orc! (Press . to maintain the ray.)
* * * LOW HITPOINT WARNING * * *
Things that are here:
a +2 vampiric scimitar; a +0 robe An endoplasm comes into view.
Found a potion of curing.
Found 9 gold pieces.
Casting: Searing Ray (safe; 3% risk of failure)
Confirm with . or Enter, or press ? or * to list all spells.
Okay, then.
Aiming: Magic Dart (safe; 2% risk of failure)
Press: ? - help, Q - select action, (/) - cycle Shift-Dir - straight line, f - endoplasm
Aim: an endoplasm (wandering, hasn't noticed you, 100% to hit)
You miscast Magic Dart.
You are very lightly contaminated with residual magic.
Nothing appears to happen.
* * * LOW HITPOINT WARNING * * *
The endoplasm quivers.
Aiming: Magic Dart (safe; 2% risk of failure)
Press: ? - help, Q - select action, (/) - cycle Shift-Dir - straight line, f/p - endoplasm
Aim: an endoplasm (100% to hit)
The magic dart hits the endoplasm.
The endoplasm is moderately wounded.
* * * LOW HITPOINT WARNING * * *
Aiming: Magic Dart (safe; 2% risk of failure)
Press: ? - help, Q - select action, (/) - cycle Shift-Dir - straight line, f/p - endoplasm
Aim: an endoplasm (moderately wounded, 100% to hit)
The magic dart hits the endoplasm.
The endoplasm is severely wounded.
* * * LOW HITPOINT WARNING * * *
Aiming: Magic Dart (safe; 2% risk of failure)
Press: ? - help, Q - select action, (/) - cycle Shift-Dir - straight line, f/p - endoplasm
Aim: an endoplasm (severely wounded, 100% to hit)
The magic dart hits the endoplasm but does no damage.
The endoplasm is severely wounded.
* * * LOW HITPOINT WARNING * * *
The endoplasm freezes you.
You are frozen.
You feel a terrible chill!
You die...

####### ####..)..#
#........####.#
#########.......@J....#
........)...........###
#####......#.....#...#
## #.###..#######......
.####.# #..... .!##.
....... ....## $...
.####.###...# .... ##
#.# #...# #### # #.#
#...#


You could see an endoplasm.

Vanquished Creatures
  Blork the orc (D:4)
  A scorpion (D:4)
  4 gnolls (D:2)
  6 adders
  A worm (D:3)
  2 dart slugs
  An orc (D:3)
  9 endoplasms
  4 giant cockroaches
  7 goblins
  10 hobgoblins
  4 jackals
  2 kobolds
  A quokka (D:2)
  2 ball pythons (D:2)
  6 bats
  7 frilled lizards
  4 rats
72 creatures vanquished.

Notes
Turn   | Place    | Note
-------+----------+-------------------------------------------
     0 | D:1      | LustLizard the Djinni Conjurer began the quest for the Orb.
     0 | D:1      | LustLizard set off with the following spells memorised:
                  | Magic Dart, Searing Ray, Dazzling Flash, Fulminant Prism,
                  | Iskenderun's Mystic Blast.
     0 | D:1      | Reached XP level 1. HP: 15/15 MP: 0/0
   310 | D:1      | Reached XP level 2. HP: 18/21 MP: 0/0
   976 | D:1      | Reached XP level 3. HP: 20/25 MP: 0/0
   976 | D:1      | Learned a level 1 spell: Freeze
  1773 | D:2      | Found Zithas's Weapon Boutique.
  1884 | D:2      | Reached XP level 4. HP: 17/31 MP: 0/0
  2361 | D:2      | Reached XP level 5. HP: 27/35 MP: 0/0
  2361 | D:2      | Learned a level 2 spell: Blink
  3707 | D:4      | Reached XP level 6. HP: 12/40 MP: 0/0
  3736 | D:4      | Noticed Blork the orc
  3745 | D:4      | Killed Blork the orc
  3759 | D:4      | Frozen to death by an endoplasm

Illustrated notes

Levels and vault maps discovered:
D:1:      amcnicky_arrival_gap_in_the_tavern_cellar, layout_basic,
          grunt_decor_mini_mirrors, glass_columns_a, minmay_misc_feat_x
D:2:      layout_loops_ring, serial_shops, shop
D:3:      layout_basic, minmay_vboxes
D:4:      layout_loops_ring, chequers_ossuary_entry_cave,
          chequers_serial_rivers_small_b, columned_hall_lemuel,
          uniq_blork_the_orc

Skill      XL: |  1  2  3  4  5 |
---------------+----------------+-----
Stealth        | 2 3 4 |  4.0
Spellcasting   | 4 |  4.8
Dodging        | |  2.1

Action                   |  1- 3 |  4- 6 || total
-------------------------+-------+-------++-------
 Cast: Magic Dart        |    73 |    95 ||   168
       Searing Ray       |       |     6 ||     6
  Use: Scroll            |       |     6 ||     6
       Potion            |       |     1 ||     1
Armor: Leather armour    |     5 |     5 ||    10
Dodge: Dodged            |     5 |     7 ||    12
